 Dungeon Crawl Stone Soup version 0.17-a0-1446-gc28613e (webtiles) character file.

39 patman the Sneak (level 3, -3/18 HPs)
             Began as a Vine Stalker Assassin on June 28, 2015.
             Was an Initiate of Ru.
             Killed by nerve-wracking pain
             ... invoked by Snupthedog's ghost
              (8 damage)
             ... on level 3 of the Dungeon.
             The game lasted 00:05:18 (1383 turns).

patman the Sneak (Vine Stalker Assassin)            Turns: 1383, Time: 00:05:18

Health: -3/18      AC:  4    Str: 13    XL:     3   Next: 47%
Magic:  0/4        EV: 11    Int: 11    God:    Ru [......]
Gold:   108        SH:  5    Dex: 16    Spells: 0 memorised, 2 levels left

rFire  . . .     SeeInvis .     a - +2 dagger
rCold  . . .     Clarity  .     c - +0 robe
rNeg   . . .     SustAt   .     p - +2 buckler
rPois  .         Gourm    .     (no helmet)
rElec  .         Spirit   +     d - +0 cloak
rCorr  .         Warding  .     (no gloves)
rMut   .         Stasis   .     r - +0 pair of boots
MR     .....                    o - amulet of inaccuracy (curse)
Stlth  +++.......               (no ring)
                                (no ring)

@: not resistant to hostile enchantments, fairly stealthy
A: fangs 2, regeneration 1, magic shield, antimagic bite, no device heal 3, rot
immunity
a: Renounce Religion


You were on level 3 of the Dungeon.
You worshipped Ru.
Ru was noncommittal.
You were not hungry.

You visited 1 branch of the dungeon, and saw 4 of its levels.

You collected 108 gold pieces.

Inventory:

Hand weapons
 a - a +2 dagger (weapon)
 b - a +0 rapier
 l - a +0 blowgun
Missiles
 e - 44 poisoned needles
 f - 2 curare-tipped needles
Armour
 c - a +0 robe (worn)
 d - a +0 cloak (worn)
 p - a +2 buckler (worn)
 r - a +0 pair of boots (worn)
Jewellery
 o - a cursed amulet of inaccuracy (around neck)
Magical devices
 x - a wand of digging (14)
Scrolls
 m - a scroll of amnesia {unknown}
 s - 2 scrolls of remove curse {unknown}
 t - a scroll of recharging {unknown}
 v - a scroll of fog {unknown}
Potions
 i - a potion of cancellation
 j - a potion of curing
 n - a potion of lignification
 q - 2 potions of flight {unknown}
 w - a potion of heal wounds {unknown}
Comestibles
 g - a bread ration
 h - 2 beef jerkies
 k - a meat ration
 u - 2 chunks of flesh


   Skills:
 + Level 1.9 Fighting
 - Level 2.7 Short Blades
 - Level 1.7 Throwing
 * Level 1.7 Dodging
 - Level 4.8 Stealth


You had 2 spell levels left.
You didn't know any spells.

Dungeon Overview and Level Annotations

Branches:
Dungeon (4/15)
 Temple: D:4-7

Altars:
Nemelex Xobeh
Ru
Vehumet

Annotations:
D:3 Snupthedog's ghost, average HONe
D:4 pulse's ghost, average HONe


Innate Abilities, Weirdness & Mutations

You have extremely sharp teeth.
Your natural rate of healing is unusually fast.
When hurt, damage is shared between your health and your magic reserves.
Your bite disrupts and absorbs the magic of your enemies.
Potions and wands cannot restore your health.
You are immune to rotting.


Message History

This raw flesh tastes terrible.
You continue eating. x2
Unknown command.
Snupthedog's ghost whispers, "Trust me.
Just give in."
Found a radiant altar of Vehumet.
A hobgoblin comes into view. It is wielding a club.
The hobgoblin shouts!
The hobgoblin is engulfed in roaring flames.
The hobgoblin dies!
Found a club.
You see here a hand axe.
Found a fuming coppery potion.
Snupthedog's ghost gestures at you while chanting.
Pain shoots through your body!
Snupthedog's ghost casts a spell at you.
Pain shoots through your body!
* * * LOW HITPOINT WARNING * * *
Snupthedog's ghost points at you and mumbles some strange words.
Pain shoots through your body!
You die...

...# #..#####.#.#
...#####..####..#..
...........##..#####
.######..#.##.## # ##
##.#.....# #. .# #
#.#...#.#### .# .#
#..)###....# .######.#
##......###.#### ...[#..#
#####....##.W.@....# #.(...#
.........#####.....###.....#
....§.)...# #.).(...#.....#
.§%§......# ##..<.#.......##
. §.§......##
#....###......#.. .§)§§...##
#....# #......... ...!.####
#....###.....#... #####
####.........##..
#####......###


You could see Snupthedog's ghost.

Vanquished Creatures
  An adder (D:2)
  A worm (D:3)
  2 giant geckos (D:2)
  2 orcs
  2 hobgoblins
  4 kobolds
  A quokka (D:3)
  3 bats
  2 giant cockroaches
  2 goblins
  6 rats
26 creatures vanquished.

Vanquished Creatures (others)
  An orc (D:3)
  A hobgoblin (D:3)
2 creatures vanquished.

Grand Total: 28 creatures vanquished

Notes
Turn   | Place    | Note
--------------------------------------------------------------
     0 | D:1      | patman the Vine Stalker Assassin began the quest for the Orb.
     0 | D:1      | Reached XP level 1. HP: 11/11 MP: 2/2
   386 | D:1      | Found a sparkling altar of Nemelex Xobeh.
   635 | D:2      | Reached XP level 2. HP: 15/15 MP: 3/3
   711 | D:2      | Found a sacrificial altar of Ru.
   722 | D:2      | Became a worshipper of Ru the Awakened
   850 | D:3      | Reached skill level 1 in Dodging
   951 | D:3      | Reached XP level 3. HP: 3/18 MP: 1/4
  1118 | D:3      | Noticed Snupthedog's ghost (average HONe)
  1306 | D:4      | Noticed pulse's ghost (average HONe)
  1369 | D:3      | Found a radiant altar of Vehumet.
  1383 | D:3      | Killed from afar by Snupthedog's ghost

Vault maps used:
D:1:      lightli_arrival_isolated_outpost, nemelex_deck
D:2:      first_bread, kennysheep_nondescript, nicolae_ru_sacrificial_ziggurat
D:3:      fiery_altar_vehumet
D:4:      serial_shops, shop, shop, uniq_sigmund, uniq_crazy_yiuf_cottage

Action                   || total
-------------------------++-------
Melee: Dagger            ||   108
       Rapier            ||     2
  Use: Scroll            ||     2
       Potion            ||     1
 Stab: Sleeping          ||     7
  Eat: Chunk             ||     2
